 Dungeon Crawl Stone Soup version 0.26.1-2-gb8aa6d0cf2 (webtiles) character file.

Game seed: 16775872380325902329

7345 nightchill the Cleaver (level 11, -3/101 HPs)
             Began as a Ghoul Gladiator on Mar 14, 2021.
             Was an Initiate of Ru.
             Killed from afar by a smoke demon (14 damage)
             ... with a ball of steam
             ... summoned by an orc high priest
             ... on level 2 of the Orcish Mines.
             The game lasted 00:27:35 (11859 turns).

nightchill the Cleaver (Ghoul Gladiator)           Turns: 11859, Time: 00:27:36

Health: -3/101     AC: 10    Str: 22    XL:     11   Next: 13%
Magic:  10/10      EV:  5    Int:  7    God:    Ru [......]
Gold:   949        SH:  8    Dex: 10    Spells: 10/10 levels left

rFire    . . .     SeeInvis .   a - +1 war axe
rCold    + + .     Faith    .   r - +1 kite shield
rNeg     + + +     Spirit   .   d - +9 chain mail "Fask" {Rampage *Drain Will+ Int+4}
rPois    ∞         Reflect  .   f - +2 helmet "Fikhleqo" {rElec}
rElec    +         Harm     .   s - +0 cloak
rCorr    .         Rampage  +   z - +0 pair of gloves
Will     ++...                  (no boots)
Stlth    ..........             (no amulet)
HPRegen  0.00/turn              c - ring of willpower
MPRegen  0.12/turn              n - ring of protection from cold

@: liquid flames, corroded, glowing
A: claws 1, cold resistance 1, negative energy resistance 3, inhibited
regeneration, torment resistance, unbreathing, disrupted magic 1
a: Renounce Religion


You were on level 2 of the Orcish Mines.
You worshipped Ru.
Ru was noncommittal.
You visited 3 branches of the dungeon, and saw 12 of its levels.

You collected 949 gold pieces.

Inventory:

Hand Weapons
 a - a +1 war axe (weapon)
 x - a +2 dagger of flaming
Missiles
 j - a boomerang of dispersal (quivered)
Armour
 d - the +9 chain mail "Fask" (worn) {Rampage *Drain Will+ Int+4}
   (You took it off a wight on level 8 of the Dungeon)

   It affects your intelligence (+4).
   It affects your willpower, your defense against some magical effects.
   It causes draining when unequipped.
   It bestows one free step when moving towards enemies.
 f - the +2 helmet "Fikhleqo" (worn) {rElec}
   (You took it off Robin on level 3 of the Dungeon)

   It insulates you from electricity.
 r - a +1 kite shield (worn)
 s - a +0 cloak (worn)
 z - a +0 pair of gloves (worn)
 J - a +0 chain mail
 P - a +0 troll leather armour
Jewellery
 c - a ring of willpower (left hand)
 g - an uncursed ring of protection from fire
 n - a ring of protection from cold (right hand)
 C - an uncursed ring of protection from fire
 D - an uncursed ring of flight
Wands
 G - a wand of paralysis (22)
Scrolls
 e - 3 scrolls of fear
 k - 3 scrolls of remove curse
 q - 5 scrolls of teleportation
 u - 3 scrolls of vulnerability
 v - a scroll of enchant armour
 E - 3 scrolls of magic mapping
 I - 3 scrolls of amnesia
Potions
 h - 2 potions of flight
 i - 6 potions of curing
 l - 2 potions of invisibility
 p - 3 potions of lignification
 t - 2 potions of degeneration
 w - 3 potions of resistance
 A - a potion of ambrosia
 B - 2 potions of brilliance {unknown}
 F - a potion of berserk rage {unknown}
 O - a potion of attraction {unknown}
Miscellaneous
 N - a phial of floods


   Skills:
 + Level 10.8 Fighting
 * Level 12.6 Axes
 - Level 1.7 Throwing
 - Level 2.6 Dodging


You had 10 spell levels left.
You didn't know any spells.
Your spell library contained the following spells:

 Spells                   Type           Power        Failure   Level
 Corona                   Hex            0%           100%        1
 Freeze                   Ice            0%           100%        1
 Slow                     Hex            0%           100%        2
 Frozen Ramparts          Ice            0%           100%        3
 Inner Flame              Hex/Fire       0%           100%        3
 Ozocubu's Armour         Ice            0%           100%        3
 Portal Projectile        Hex/Tloc       0%           100%        3
 Cause Fear               Hex            0%           100%        4
 Hailstorm                Conj/Ice       0%           100%        4
 Leda's Liquefaction      Hex/Erth       0%           100%        4
 Summon Ice Beast         Ice/Summ       0%           100%        4


Dungeon Overview and Level Annotations

Branches:
Dungeon (9/15)             Temple (1/1) D:5            Lair (0/6) D:9
    Orc (2/2) D:9             Elf (0/3) Orc:2

Altars:
Ashenzari
Cheibriados
Dithmenos
Elyvilon
Fedhas
Gozag
Hepliaklqana
Kikubaaqudgha
Makhleb
Nemelex Xobeh
Okawaru
Qazlal
Ru
Sif Muna
Trog
Uskayaw
Vehumet
Wu Jian
Xom
Yredelemnul
Zin
The Shining One

Portals:
Abyss: Orc:1

Annotations:
D:2 !phantom
D:3 exclusion: downstairs
D:4 2 transporters, exclusion: downstairs
Orc:1 2 transporters, unihiutale's ghost, journeyman HuWn


Innate Abilities, Weirdness & Mutations

You thrive by killing the living.
You are immune to poison.
You have sharp fingernails.
Your flesh is cold resistant. (rC+)
You are immune to negative energy. (rN+++)
You do not regenerate when monsters are visible.
You are immune to unholy pain and torment.
You can survive without breathing.
Your casting is slightly disrupted.


Message History

The smoke demon barely misses you.
The smoke demon hits you but does no damage.
The smoke demon barely misses you.
The orc is engulfed in a cloud of scalding steam.
The orc dies!
Your shield and chain mail "Fask" prevent you from hitting the orc high priest.
The orc high priest is severely wounded.
You hit the rust devil but do no damage.
You closely miss the ice devil. You hit the smoke demon.
You are covered in liquid flames!
* * * LOW HITPOINT WARNING * * *
The orc high priest hits you but does no damage.
The rust devil hits you!
* * * LOW HITPOINT WARNING * * *
The rust devil corrodes you!
The ice devil is engulfed in a cloud of scalding steam.
The ice devil hits you but does no damage.
The smoke demon gestures at you. The ball of steam hits you!
You die...

##...## ###.#####
#...#.###........
##.....#.........
#.............###
##.....#......#
###...##.....#
##)###.....#
#.§)#§.....###
##4@4)........
###..3o.§....##
##............#
#.............#
##.#..........#
####.........#
#...#.....######..#
####.........)).......
##.#.......#..)).......


You could see an orc high priest, an ice devil (summoned), a rust devil
(summoned) and a smoke demon (summoned).

Vanquished Creatures
  Josephine (D:9)
  An orc sorcerer (Orc:1)
  A troll (Orc:1)
  4 wraiths
  Eustachio (D:4)
  5 wargs
  4 ice beasts
  7 orc warriors
  4 sky beasts
  2 black bears
  3 phantoms
  8 ogres
  A centaur (D:8)
  3 bullfrogs
  A water moccasin skeleton (D:7)
  A water moccasin zombie (D:9)
  6 scorpions
  8 wights (D:8)
  4 howler monkeys
  4 hounds
  6 orc priests
  7 orc wizards
  An iguana (D:8)
  Ijyb (D:5)
  6 worker ants
  2 hound zombies
  2 hound skeletons
  Robin (D:3)
  4 gnolls (D:7)
  A howler monkey skeleton (D:4)
  9 adders
  A shadow imp (D:6)
  A white imp (D:8)
  3 ufetubi
  2 worms
  A dart slug (D:2)
  8 leopard geckos
  30 orcs
  12 bats
  9 giant cockroaches
  10 hobgoblins
  4 jackals (D:5)
  4 kobolds
  6 quokkas
  12 frilled lizards
  19 goblins
  A jackal skeleton (D:4)
  3 leopard gecko skeletons (D:4)
  A leopard gecko zombie (D:6)
  2 quokka skeletons
  A quokka zombie (D:5)
  11 rats
250 creatures vanquished.

Vanquished Creatures (others)
  An orc (Orc:2)
  8 fungi (D:9)
  18 plants
27 creatures vanquished.

Grand Total: 277 creatures vanquished

Notes
Turn   | Place    | Note
-------+----------+-------------------------------------------
     0 | D:1      | nightchill the Ghoul Gladiator began the quest for the Orb.
     0 | D:1      | Reached XP level 1. HP: 17/17 MP: 0/0
    87 | D:1      | Reached skill level 3 in Axes
    96 | D:1      | Reached XP level 2. HP: 17/25 MP: 1/1
   695 | D:1      | Reached XP level 3. HP: 25/30 MP: 2/2
  1107 | D:2      | Found an iron altar of Okawaru.
  1107 | D:2      | Found a white marble altar of Elyvilon.
  1139 | D:2      | Found a hide-covered altar of Uskayaw.
  1754 | D:2      | Reached XP level 4. HP: 38/38 MP: 3/3
  2060 | D:3      | Reached skill level 4 in Axes
  2275 | D:3      | Noticed a phantom
  2295 | D:3      | Reached XP level 5. HP: 31/45 MP: 4/4
  3176 | D:4      | Noticed Eustachio
  3383 | D:4      | Killed Eustachio
  3384 | D:4      | Reached skill level 5 in Axes
  3384 | D:4      | Reached XP level 6. HP: 53/53 MP: 5/5
  3552 | D:5      | Entered Level 5 of the Dungeon
  3616 | D:4      | Identified the +2 helmet "Fikhleqo" {rElec}
  3616 | D:4      | Noticed Robin
  4218 | D:4      | Noticed a phantom
  4227 | D:3      | Reached skill level 6 in Axes
  4227 | D:3      | Reached XP level 7. HP: 58/60 MP: 6/6
  4290 | D:3      | Reached skill level 5 in Fighting
  4495 | D:3      | Killed Robin
  4825 | D:4      | Got a warped ring mail
  4845 | D:4      | Identified the +5 ring mail of Xyrghiuge {rElec Str+3
                  | Slay-2} (You found it on level 4 of the Dungeon)
  4887 | D:4      | Found a transporter.
  4891 | D:4      | Found a transporter.
  4914 | D:5      | Found a staircase to the Ecumenical Temple.
  4920 | Temple   | Entered the Ecumenical Temple
  5189 | D:5      | Noticed Ijyb
  5199 | D:5      | Killed Ijyb
  5336 | D:5      | Found a snail-covered altar of Cheibriados.
  5435 | D:5      | Reached skill level 7 in Axes
  5522 | D:5      | Reached XP level 8. HP: 63/70 MP: 7/7
  6243 | D:6      | Reached skill level 8 in Axes
  6815 | D:7      | Reached XP level 9. HP: 74/79 MP: 8/8
  7090 | D:7      | Reached skill level 9 in Axes
  7655 | D:8      | Identified the +9 chain mail "Fask" {Rampage *Drain Will+
                  | Int+4}
  8113 | D:8      | Found a sacrificial altar of Ru.
  8113 | D:8      | Found a glowing golden altar of the Shining One.
  8118 | D:8      | Found a faded altar of an unknown god.
  8120 | D:8      | Found a blossoming altar of Fedhas.
  8121 | D:8      | Found a stormy altar of Qazlal.
  8141 | D:8      | Became a worshipper of Ru the Awakened
  8573 | D:8      | Reached skill level 10 in Axes
  8987 | D:9      | Found a staircase to the Orcish Mines.
  9119 | D:9      | Reached XP level 10. HP: 89/91 MP: 9/9
  9169 | D:9      | Found an opulent altar of Gozag.
  9169 | D:9      | Found a basalt altar of Yredelemnul.
  9286 | D:9      | Gained mutation: Your casting is slightly disrupted. [Ru
                  | sacrifice]
  9436 | D:9      | Found a staircase to the Lair.
  9768 | Orc:1    | Entered Level 1 of the Orcish Mines
  9782 | Orc:1    | Reached skill level 11 in Axes
  9940 | Orc:1    | Noticed Josephine
 10017 | D:9      | Killed Josephine
 10268 | Orc:1    | Reached skill level 10 in Fighting
 10526 | Orc:1    | Noticed an orc sorcerer
 10533 | Orc:1    | Killed an orc sorcerer
 10553 | Orc:1    | Noticed a worldbinder
 10558 | Orc:1    | Noticed a rakshasa
 10572 | Orc:1    | Found a transporter.
 10590 | Orc:1    | Noticed a worldbinder
 10598 | Orc:1    | Found a transporter.
 10599 | Orc:1    | Found a one-way gate to the infinite horrors of the Abyss.
 10599 | Orc:1    | Noticed unihiutale's ghost (journeyman HuWn)
 10637 | Orc:1    | Reached skill level 12 in Axes
 11192 | Orc:1    | Identified the +12 double sword of Vanity {distort, Int+5
                  | Stlth-}
 11192 | Orc:1    | Noticed an orc knight
 11235 | Orc:1    | Noticed a purple ugly thing
 11247 | Orc:1    | Noticed a worldbinder
 11260 | Orc:2    | Entered Level 2 of the Orcish Mines
 11313 | Orc:2    | Reached XP level 11. HP: 80/101 MP: 10/10
 11396 | Orc:2    | Found a staircase to the Elven Halls.
 11661 | Orc:2    | Noticed an orc high priest
 11859 | Orc:2    | Killed from afar by a smoke demon

Illustrated notes

Levels and vault maps discovered:
D:1:      dpeg_arrival_radiant, layout_basic, minivault_11, minmay_lizard_king
D:2:      layout_loops_ring, chequers_temple_overflow_statue_of_worship
D:3:      layout_rooms, minmay_diced_spiral
D:4:      layout_cave_pools, gammafunk_ghost_abyssal_escape, uniq_robin,
          uniq_eustachio
D:5:      layout_loops_ring, kennysheep_mini, minmay_temple_entry_nine_rooms,
          gup_sewer_entry_pipe, uniq_ijyb
D:6:      layout_basic
D:7:      layout_loops_cross
D:8:      layout_rooms, chequers_temple_overflow_minitemple
D:9:      layout_irregular_city, gammafunk_temple_overflow_pools,
          grunt_lair_entry_orc_guard_hut
Temple:   minmay_temple_bridge_abc
Orc:1:    layout_caves, gammafunk_ghost_abyssal_escape, uniq_josephine
Orc:2:    st_orc_town, layout_diamond_mine

Skill      XL: |  1  2  3  4  5  6  7  8  9 10 |
---------------+-------------------------------+-----
Axes           | 3 4 5 6 7 8 10 12 | 12.6
Fighting       | 3 4 6 7 9 10 | 10.8
Throwing       | |  1.7
Dodging        | |  2.6

Action                   |  1- 3 |  4- 6 |  7- 9 | 10-12 || total
-------------------------+-------+-------+-------+-------++-------
Melee: War axe           |   174 |   153 |   610 |   239 ||  1176
Throw: Throwing net      |       |     2 |     3 |       ||     5
Invok: Sacrifice Essence |       |       |       |     1 ||     1
  Use: Scroll            |       |     5 |       |    16 ||    21
       Potion            |       |       |       |     2 ||     2
 Stab: Held in net/web   |       |       |     1 |       ||     1
Armor: Leather armour    |    73 |    26 |       |       ||    99
       Scale mail        |       |    58 |    49 |       ||   107
       Ring mail         |       |       |   104 |       ||   104
       Chain mail        |       |       |   198 |   156 ||   354
Dodge: Dodged            |   140 |    97 |   173 |    62 ||   472
Block: Kite shield       |       |    55 |   251 |   101 ||   407
